 Dungeon Crawl Stone Soup version 0.17-a0-1718-g72dbe4d (webtiles) character file.

128 achirane the Conjurer (level 5, -4/42 HPs)
             Began as a Naga Wizard on Aug 25, 2015.
             Slain by Zebura's ghost (7 damage)
             ... on level 4 of the Dungeon.
             The game lasted 00:18:16 (2831 turns).

achirane the Conjurer (Naga Wizard)                 Turns: 2831, Time: 00:18:16

Health: -4/42      AC:  3    Str:  9    XL:     5   Next: 11%
Magic:  0/10       EV:  9    Int: 25    God:
Gold:   105        SH:  0    Dex:  9    Spells: 4 memorised, 2 levels left

rFire  . . .     SeeInvis +     n - -2 hand axe (curse)
rCold  . . .     Clarity  .     s - +0 robe (curse)
rNeg   . . .     SustAt   .     (no shield)
rPois  +         Gourm    .     b - +1 hat
rElec  .         Spirit   .     (no cloak)
rCorr  .         Warding  .     (no gloves)
rMut   .         Stasis   .     (no barding)
MR     .....                    (no amulet)
Stlth  ++........               (no ring)
                                (no ring)

@: brilliant, very slow, not resistant to hostile enchantments, unstealthy
A: see invisible, deformed body, poison resistance, slowness 2, slow metabolism
1, spit poison 2, AC +1
a: Spit Poison


You were on level 4 of the Dungeon.
You were not hungry.

You visited 1 branch of the dungeon, and saw 4 of its levels.

You collected 105 gold pieces.

Inventory:

Hand weapons
 e - a +0 club
 f - a +0 mace
 n - a cursed -2 hand axe (weapon)
Missiles
 k - 3 tomahawks (quivered)
Armour
 a - a +0 robe
 b - a +1 hat (worn)
 s - a cursed +0 robe (worn)
Magical devices
 r - a wand of cold (8)
Scrolls
 h - a scroll of immolation
 j - a scroll of identify
 q - a scroll of enchant armour
Potions
 g - a potion of brilliance
 i - a potion of lignification {unknown}
 l - a potion of curing
 m - a potion of poison {unknown}
Books
 c - a book of Minor Magic

   Spells                             Type                      Level
   a - Magic Dart                     Conjuration                  1
   b - Blink                          Translocation                2
   c - Call Imp                       Summoning                    2
   d - Repel Missiles                 Charms/Air                   2
   e - Slow                           Hexes                        2
   f - Conjure Flame                  Conjuration/Fire             3
   g - Mephitic Cloud                 Conjuration/Poison/Air       3
Comestibles
 d - a bread ration
 o - 2 meat rations
 p - 3 fruits
 t - 2 chunks of flesh


   Skills:
 - Level 1.6 Dodging
 - Level 3.0 Stealth
 - Level 3.3 Spellcasting
 + Level 3.9 Conjurations
   Level 1.0 Summonings
 - Level 1.0 Translocations
 - Level 2.2 Poison Magic


You had 2 spell levels left.
You knew the following spells:

 Your Spells              Type           Power        Failure   Level  Hunger
a - Magic Dart            Conj           ####         1%          1    None
b - Blink                 Tloc           N/A          1%          2    #......
c - Slow                  Hex            ###.....     2%          2    #......
d - Mephitic Cloud        Conj/Pois/Air  ####....     1%          3    ###....


Dungeon Overview and Level Annotations

Branches:
Dungeon (4/15)
 Temple: D:4-7

Altars:
Xom

Portals:
Sewer: D:4

Annotations:
D:2 Sigmund
D:4 Zebura's ghost, experienced CeBe


Innate Abilities, Weirdness & Mutations

You cannot wear boots.
Your serpentine skin is tough (AC +1).
You have supernaturally acute eyesight.
Armour fits poorly on your strangely shaped body.
Your system is resistant to poisons.
You cover ground very slowly.
You have a slow metabolism.
You can spit poison.


Message History

* * * LOW HITPOINT WARNING * * *
Casting: Magic Dart
Confirm with . or Enter, or press ? or * to list all spells.
Okay, then.
Zebura's ghost hits you but does no damage.
Zebura's ghost hits you but does no damage.
Casting: Magic Dart
Confirm with . or Enter, or press ? or * to list all spells.
Aiming: Magic Dart
Press: ? - help, Shift-Dir - straight line, f/p - Zebura's ghost
Aim: Zebura's ghost, wielding a vampiric weapon (heavily damaged)
The magic dart hits Zebura's ghost.
Zebura's ghost is severely damaged.
Zebura's ghost hits you but does no damage.
Zebura's ghost hits you!
* * * LOW HITPOINT WARNING * * *
Zebura's ghost closely misses you.
Zebura's ghost makes a sound of rattling chains.
Zebura's ghost hits you!
You die...

#..# #. #..# #.## #.># #...
#..# #..# ## #..# #..# ≈≈#
#..# #.# ∩≈≈# #..# #†# r≈≈≈#
########..######## #.#≈≈≈≈≈#
..............[.@####.'#####
.#...........###.W...........
.#.###.#.###..........###.###
.#.# #.#.# ##########.# #
<#.# #...# ..# .#.# #..## #.#
.#.# #..# #.# .#.# #..# #.#
.# .#


You could see Zebura's ghost.

Vanquished Creatures
  An orc wizard (D:3)
  3 adders
  A river rat (D:4)
  3 oozes
  A giant gecko (D:1)
  2 orcs (D:3)
  2 ball pythons
  2 giant cockroaches (D:1)
  5 hobgoblins
  3 jackals (D:1)
  A quokka (D:4)
  8 bats
  A giant newt (D:1)
  A goblin (D:3)
  7 kobolds
  6 rats
47 creatures vanquished.

Notes
Turn   | Place    | Note
--------------------------------------------------------------
     0 | D:1      | achirane the Naga Wizard began the quest for the Orb.
     0 | D:1      | Reached XP level 1. HP: 15/15 MP: 4/4
   194 | D:1      | Reached XP level 2. HP: 19/22 MP: 0/6
   199 | D:1      | Learned a level 2 spell: Blink
   749 | D:1      | Reached XP level 3. HP: 28/28 MP: 3/7
  1304 | D:2      | Noticed Sigmund
  1533 | D:1      | Learned a level 2 spell: Slow
  1537 | D:1      | Learned a level 3 spell: Mephitic Cloud
  2024 | D:3      | Reached XP level 4. HP: 36/36 MP: 7/9
  2147 | D:3      | Found a shimmering altar of Xom.
  2414 | D:3      | Reached skill level 1 in Poison Magic
  2751 | D:4      | Found a glowing drain.
  2756 | D:4      | Reached XP level 5. HP: 38/42 MP: 7/10
  2809 | D:4      | Noticed Zebura's ghost (experienced CeBe)
  2831 | D:4      | Slain by Zebura's ghost

Vault maps used:
D:1:      erik_arrival_blinker_ship, minmay_distorted
D:2:      cheibriados_altar_1, fedhas_altar_2, lemuel_coloured_pillars_altar,
          nicolae_ru_sacrificial_ziggurat, uniq_natasha, uniq_sigmund
D:3:      lemuel_round_altar
D:4:      temple_hall, portal_sewer_entry_c, bloody_makhleb

Action                   |  1- 3 |  4- 6 || total
-------------------------+-------+-------++-------
Melee: Club              |    17 |       ||    17
       Mace              |     5 |       ||     5
       Hand axe          |       |    11 ||    11
 Cast: Magic Dart        |    74 |    42 ||   116
       Slow              |     2 |       ||     2
       Blink             |     1 |       ||     1
       Mephitic Cloud    |       |     1 ||     1
  Use: Scroll            |       |     5 ||     5
       Potion            |       |     2 ||     2
 Stab: Sleeping          |     1 |       ||     1
  Eat: Fruit             |     2 |       ||     2
       Chunk             |       |     2 ||     2
